 Dungeon Sprint DCSS version 0.22-a0-44-geb883ae (webtiles) character file.

5539 Kidiri the Eclecticist (level 10, -10/61 HPs)
             Began as a Deep Elf Fire Elementalist on Jan 7, 2018.
             Was the Champion of Vehumet.
             Killed from afar by a spiny frog (40 damage)
             ... with an exploding inner flame
             ... hexed by the player character
             ... in the Dungeon (Sprint III: "The Ten Rune Challenge").
             The game lasted 00:12:21 (2302 turns).

Kidiri the Eclecticist (Deep Elf Fire Elementalist) Turns: 2302, Time: 00:12:22

Health: -10/61     AC:  2    Str:  5    XL:     10   Next: 43%
Magic:  18/32      EV: 19    Int: 28    God:    Vehumet [******]
Gold:   35         SH:  0    Dex: 15    Spells: 14/41 levels left

rFire    . . .     SeeInvis .   k - +4 dagger (vamp)
rCold    + . .     Gourm    .   (no shield)
rNeg     . . .     Faith    .   a - +0 robe
rPois    .         Spirit   .   (no helmet)
rElec    .         Reflect  .   (no cloak)
rCorr    .         Harm     .   (no gloves)
MR       +....     NoTele   +   (no boots)
Stlth    ++........             (no amulet)
HPRegen  0.20/turn              (no ring)
MPRegen  0.23/turn              (no ring)

@: no status effects
A: clever 2, cold resistance 1, screaming 1
a: Renounce Religion


You were in the Dungeon.
You worshipped Vehumet.
Vehumet was exalted by your worship.
You were hungry.

You visited 1 branch You collected 35 gold pieces.

Inventory:

Hand Weapons
 k - a +4 vampiric dagger (weapon)
Missiles
 e - 6 throwing nets (quivered)
Armour
 a - a +0 robe (worn)
Scrolls
 i - a scroll of blinking
 j - a scroll of torment
 l - 3 scrolls of remove curse
 m - a scroll of enchant armour
 o - a scroll of holy word {unknown}
Potions
 d - 2 potions of curing
 f - a potion of haste
 g - 2 potions of magic
 h - a potion of berserk rage
 n - 3 potions of flight
 q - 2 potions of mutation
Books
 b - a book of Flames

   Spells                             Type                      Level
   a - Flame Tongue                   Conjuration/Fire             1
   b - Throw Flame                    Conjuration/Fire             2
   c - Conjure Flame                  Conjuration/Fire             3
   d - Inner Flame                    Hexes/Fire                   3
   e - Sticky Flame                   Conjuration/Fire             4
   f - Fireball                       Conjuration/Fire             5
 p - a book of Cantrips

   Spells                             Type                      Level
   a - Confusing Touch                Hexes                        1
   b - Animate Skeleton               Necromancy                   1
   c - Summon Small Mammal            Summoning                    1
   d - Apportation                    Translocation                1
Comestibles
 c - 9 rations


   Skills:
 + Level 6.5 Fighting
 + Level 7.7 Short Blades
 + Level 6.4 Armour
 + Level 9.6 Dodging
 - Level 2.4 Stealth
 * Level 16.3 Spellcasting
 + Level 10.3 Conjurations
 + Level 10.8 Fire Magic
 + Level 6.1 Ice Magic
 + Level 2.2 Air Magic
 + Level 2.5 Poison Magic


You had 14 spell levels left.
You knew the following spells:

 Your Spells              Type           Power        Failure   Level  Hunger
a - Flame Tongue          Conj/Fire      #####        1%          1    None
b - Throw Flame           Conj/Fire      ######       1%          2    None
c - Conjure Flame         Conj/Fire      ######..     1%          3    None
d - Inner Flame           Hex/Fire       ######..     1%          3    None
e - Sticky Flame          Conj/Fire      ######..     1%          4    None
f - Fireball              Conj/Fire      ######....   1%          5    None
g - Throw Frost           Conj/Ice       ######       1%          2    None
h - Mephitic Cloud        Conj/Pois/Air  ######..     1%          3    None
i - Airstrike             Air            #####.....   2%          4    None


Dungeon Overview and Level Annotations

Branches:
Dungeon (1/1)

Altars:
Cheibriados
Dithmenos
Elyvilon
Fedhas
Gozag
Hepliaklqana
Kikubaaqudgha
Makhleb
Nemelex Xobeh
Okawaru
Qazlal
Ru
Sif Muna
Trog
Uskayaw
Vehumet
Wu Jian
Xom
Yredelemnul
Zin
The Shining One
Beogh
Jiyva
Lugonu

Annotations:
D exclusion: 2 doors


Innate Abilities, Weirdness & Mutations

Your mind is very acute. (Int +4)
Your flesh is cold resistant. (rC+)
You occasionally shout uncontrollably at your foes.


Message History

The net rips apart, and the komodo dragon comes free!
The spiny frog misses you.
The spiny frog burns!
The spiny frog burns!
The spiny frog burns!
Okay, then.
Unknown command.
Casting: Sticky Flame
Confirm with . or Enter, or press ? or * to list all spells.
Aiming: Inner Flame
Press: ? - help, Shift-Dir - straight line, f/p - spiny frog
Aim: a spiny frog (almost dead, covered in liquid flames, chance to defeat MR: 94%)
The spiny frog is filled with an inner flame.
The spiny frog burns!
The spiny frog explodes!
The fiery explosion engulfs the komodo dragon.
The komodo dragon is almost dead.
The fiery explosion engulfs you!
Ouch! That really hurt!
You die...

⌠........# ..######'#
⌠.#__#...#+######################
..#__#...#....#.#.#..)).#.....%+.
###__#..)##.#).#.##.###.#......#%
).#__#...'##.#.#.##)#..##......#%
__#__+...#)..#..#..##..'.......#.
▓▓▓▓▓▓▓▓▓▓▓▓▓▓▓▓▓▓▓▓▓▓▓#.......#.
♣≈≈≈.....l§@≈≈≈...#.......#.
♣(♣≈≈≈≈≈≈≈§§§≈≈♣♣P.'.......#.
.≈♣♣♣♣♣♣♣♣♣♣♣♣♣♣♣♣PP#.......##
#.. ♣♣♣##+###### ##


You could see a komodo dragon.

Vanquished Creatures
  Erolcha (D)
  A deep elf mage (D)
  A spiny frog (D)
  3 wandering mushrooms (D)
  A queen bee (D)
  2 redbacks (D)
  A shadow (D)
  A spatial vortex (D)
  A necrophage (D)
  5 two-headed ogres (D)
  A water elemental (D)
  32 killer bees (D)
  A jelly (D)
  A wizard (D)
  Jessica (D)
  A necromancer (D)
  A kobold demonologist (D)
  3 humans (D)
  A phantom (D)
  3 rats (D)
62 creatures vanquished.

Vanquished Creatures (others)
  2 draconian scorchers (D)
  6 hellions (D)
  2 yaktaurs (D)
10 creatures vanquished.

Grand Total: 72 creatures vanquished

Notes
Turn   | Place    | Note
-------+----------+-------------------------------------------
     0 | D        | Kidiri the Deep Elf Fire Elementalist began the quest for the Orb.
     0 | D        | Reached XP level 1. HP: 10/10 MP: 6/6
    15 | D        | Killed a yaktaur
    55 | D        | Noticed Jessica
    72 | D        | Killed Jessica
    72 | D        | Reached skill level 6 in Spellcasting
    72 | D        | Reached XP level 2. HP: 1/15 MP: 2/11
    76 | D        | Learned a level 2 spell: Throw Flame
   117 | D        | Killed a hellion
   118 | D        | Killed a hellion
   119 | D        | Killed a hellion
   154 | D        | Killed a hellion
   204 | D        | Killed a hellion
   206 | D        | Killed a hellion
   251 | D        | Killed a yaktaur
   257 | D        | Killed a white draconian scorcher
   284 | D        | Killed a white draconian scorcher
   367 | D        | Reached XP level 3. HP: 19/19 MP: 8/12
   372 | D        | Learned a level 3 spell: Conjure Flame
   376 | D        | Learned a level 3 spell: Inner Flame
   398 | D        | Gained mutation: Your flesh is cold resistant. (rC+) [potion of mutation]
   398 | D        | Gained mutation: You are partially covered in molten scales. (AC +2) [potion of mutation]
   401 | D        | Lost mutation: Your flesh is cold resistant. (rC+) [potion of mutation]
   401 | D        | Gained mutation: You are frail. (-10% HP) [potion of mutation]
   401 | D        | Gained mutation: Your mind is acute. (Int +2) [potion of mutation]
   401 | D        | Gained mutation: You are somewhat resistant to further mutation. [potion of mutation]
   402 | D        | Lost mutation: You are frail. (-10% HP) [potion of mutation]
   402 | D        | Lost mutation: You are somewhat resistant to further mutation. [potion of mutation]
   402 | D        | Lost mutation: You are partially covered in molten scales. (AC +2) [potion of mutation]
   402 | D        | Gained mutation: You occasionally shout uncontrollably at your foes. [potion of mutation]
   402 | D        | Gained mutation: Your mind is very acute. (Int +4) [potion of mutation]
   402 | D        | Gained mutation: Your flesh is cold resistant. (rC+) [potion of mutation]
   435 | D        | Reached skill level 7 in Spellcasting
   435 | D        | Reached skill level 5 in Fire Magic
   470 | D        | Noticed a water elemental
   475 | D        | Killed a water elemental
   475 | D        | Reached skill level 9 in Spellcasting
   475 | D        | Reached skill level 5 in Conjurations
   475 | D        | Reached XP level 4. HP: 3/24 MP: 9/17
   487 | D        | Learned a level 4 spell: Sticky Flame
   739 | D        | Found a radiant altar of Vehumet.
   740 | D        | Found a deep blue altar of Sif Muna.
   740 | D        | Found an ancient bone altar of Kikubaaqudgha.
   740 | D        | Noticed a wizard
   741 | D        | Noticed a chaos spawn
   742 | D        | Killed a wizard
   742 | D        | Reached XP level 5. HP: 28/28 MP: 13/19
   747 | D        | Reached skill level 10 in Spellcasting
   758 | D        | Learned a level 5 spell: Fireball
   761 | D        | Became a worshipper of Vehumet
   950 | D        | Found a glowing silver altar of Zin.
   951 | D        | Found a glowing golden altar of the Shining One.
   951 | D        | Found a white marble altar of Elyvilon.
   951 | D        | Noticed a deep elf mage
   959 | D        | Killed a deep elf mage
   959 | D        | Reached skill level 5 in Dodging
   959 | D        | Reached skill level 12 in Spellcasting
   959 | D        | Reached XP level 6. HP: 31/37 MP: 16/23
   959 | D        | Reached XP level 7. HP: 34/41 MP: 16/24
  1010 | D        | Found a hide-covered altar of Uskayaw.
  1010 | D        | Found a roughly hewn altar of Beogh.
  1010 | D        | Found an iron altar of Okawaru.
  1010 | D        | Found a bloodstained altar of Trog.
  1010 | D        | Found an ornate altar of the Wu Jian Council.
  1010 | D        | Noticed a human
  1010 | D        | Noticed a human
  1016 | D        | Killed a human
  1016 | D        | Killed a human
  1016 | D        | Reached * piety under Vehumet
  1016 | D        | Offered knowledge of Freeze by Vehumet.
  1113 | D        | Found a basalt altar of Yredelemnul.
  1113 | D        | Found a shadowy altar of Dithmenos.
  1113 | D        | Found a sacrificial altar of Ru.
  1119 | D        | Reached skill level 13 in Spellcasting
  1167 | D        | Noticed a shadow
  1171 | D        | Killed a shadow
  1171 | D        | Reached ** piety under Vehumet
  1171 | D        | Reached XP level 8. HP: 14/48 MP: 18/27
  1383 | D        | Found a blossoming altar of Fedhas.
  1383 | D        | Found a stormy altar of Qazlal.
  1384 | D        | Found a snail-covered altar of Cheibriados.
  1384 | D        | Found a burning altar of Makhleb.
  1384 | D        | Found a hazy altar of Hepliaklqana.
  1384 | D        | Found a shimmering altar of Xom.
  1384 | D        | Found an opulent altar of Gozag.
  1384 | D        | Found a sparkling altar of Nemelex Xobeh.
  1384 | D        | Found a corrupted altar of Lugonu.
  1384 | D        | Found a viscous altar of Jiyva.
  1404 | D        | Offered knowledge of Throw Frost by Vehumet.
  1404 | D        | Reached skill level 5 in Short Blades
  1411 | D        | Learned a level 2 spell: Throw Frost
  1495 | D        | Offered knowledge of Dazzling Spray by Vehumet.
  1501 | D        | Reached *** piety under Vehumet
  1501 | D        | Reached skill level 1 in Ice Magic
  1599 | D        | Noticed a two-headed ogre
  1609 | D        | Killed a two-headed ogre
  1609 | D        | Reached skill level 14 in Spellcasting
  1761 | D        | Noticed a two-headed ogre
  1761 | D        | Noticed Erolcha
  1772 | D        | Killed Erolcha
  1772 | D        | Killed a two-headed ogre
  1772 | D        | Offered knowledge of Fulminant Prism by Vehumet.
  1772 | D        | Reached skill level 5 in Fighting
  1772 | D        | Reached XP level 9. HP: 42/54 MP: 14/29
  1772 | D        | Reached **** piety under Vehumet
  1772 | D        | Reached skill level 5 in Armour
  1772 | D        | Reached skill level 15 in Spellcasting
  1772 | D        | Reached skill level 10 in Fire Magic
  1990 | D        | Offered knowledge of Mephitic Cloud by Vehumet.
  1998 | D        | Reached ***** piety under Vehumet
  2004 | D        | Reached skill level 5 in Ice Magic
  2004 | D        | Reached ****** piety under Vehumet
  2005 | D        | Reached XP level 10. HP: 60/60 MP: 19/31
  2007 | D        | Reached skill level 10 in Conjurations
  2012 | D        | Learned a level 3 spell: Mephitic Cloud
  2059 | D        | Offered knowledge of Airstrike by Vehumet.
  2072 | D        | Reached skill level 1 in Poison Magic
  2077 | D        | Reached skill level 1 in Air Magic
  2085 | D        | Reached skill level 16 in Spellcasting
  2183 | D        | Learned a level 4 spell: Airstrike
  2281 | D        | Noticed a spiny frog
  2281 | D        | Noticed a spiny frog
  2288 | D        | Killed a spiny frog
  2288 | D        | Offered knowledge of Force Lance by Vehumet.
  2302 | D        | Killed a spiny frog
  2302 | D        | Killed from afar by a spiny frog

Vault maps used:
D:        dungeon_sprint_mu

Skill      XL: |  1  2  3  4  5  6  7  8  9 10 |
---------------+-------------------------------+-----
Spellcasting   | 6 9 12 13 14 15 16 | 16.3
Conjurations   | 3 5 7 8 9 10 | 10.3
Fire Magic     | 4 6 8 9 10 | 10.8
Fighting       | 3 4 5 6 |  6.5
Short Blades   | 3 4 5 7 |  7.7
Armour         | 3 4 5 6 |  6.4
Dodging        | 5 6 7 9 |  9.6
Ice Magic      | 3 5 6 |  6.1
Poison Magic   | 2 |  2.5
Air Magic      | 2 |  2.2
Stealth        | |  2.4

Action                   |  1- 3 |  4- 6 |  7- 9 | 10-12 || total
-------------------------+-------+-------+-------+-------++-------
Melee: Unarmed           |     1 |       |       |       ||     1
       Dagger            |       |       |     2 |       ||     2
Throw: Throwing net      |       |       |       |     3 ||     3
 Cast: Flame Tongue      |    15 |     4 |    71 |    44 ||   134
       Throw Flame       |     2 |       |     1 |       ||     3
       Conjure Flame     |     1 |       |     8 |     1 ||    10
       Sticky Flame      |       |     3 |     7 |     6 ||    16
       Inner Flame       |       |       |    10 |     4 ||    14
       Fireball          |       |       |     1 |       ||     1
  Use: Potion            |     3 |       |     1 |       ||     4
       Scroll            |     2 |       |       |       ||     2
  Eat: Ration            |       |     2 |       |       ||     2
       Chunk             |       |       |     1 |       ||     1
Armor: Robe              |       |     1 |       |       ||     1
Dodge: Dodged            |     1 |    10 |    13 |    18 ||    42

Table legend:
 A = Spawn XP
 B = Non-spawn XP
 C = Spawn XP percentage of total XP
 D = Spawn monster count
 E = Non-spawn monster count
 F = Spawn count percentage of total count
 G = Total turns spent on level
                    A         B        C        D         E        F      G
               +---------+---------+-------+---------+---------+-------+---------
         Total |       0 |    7914 |   0.0 |       0 |      62 |   0.0 |  2302
               +---------+---------+-------+---------+---------+-------+---------
             D |       0 |    7914 |   0.0 |       0 |      62 |   0.0 |  2302
               +---------+---------+-------+---------+---------+-------+---------
